 Dungeon Crawl Stone Soup version 0.30-a0-959-g3818848631 (console) character file.

Game seed: 14245188185273710767

1618 Banquo the Martial Artist (level 9, -4/63 HPs)
             Began as a Djinni Monk on Mar 29, 2023.
             Slain by an orc warrior
             ... wielding a +0 short sword
              (10 damage)
             ... on level 7 of the Dungeon.
             The game lasted 00:26:56 (7642 turns).

Banquo the Martial Artist (Djinni Monk)             Turns: 7642, Time: 00:26:56

Health: -4/63      AC:  4    Str: 10    XL:     9   Next: 17%
Gold:   433        EV: 15    Int: 15    God:
                   SH:  0    Dex: 17

rFire   + + .      SeeInvis .      - Unarmed
rCold   x . .      Faith    .    (no shield)
rNeg    . . .      Spirit   .    a - +0 robe
rPois   ∞          Reflect  .    (helmet currently unavailable)
rElec   .          Rampage  .    B - +0 cloak
rCorr   .                        g - +0 pair of gloves
Will    .....                    (boots unavailable)
Stlth   ++                       (no amulet)
HPRegen 0.30/turn                (no ring)
MPRegen 0.00/turn                (no ring)

@: appendages, flying, hasted, very quick
A: horns 2, flying, sickness immunity, fire resistance 2, cold vulnerability 1,
float, innate caster, HP casting, extra vitality 1
a: End Transformation


You were on level 7 of the Dungeon.
You had temporarily grown beastly horns.
You visited 2 branches of the dungeon, and saw 8 of its levels.

You collected 433 gold pieces.

Inventory:

Hand Weapons
 c - a +1 vampiric war axe
 h - a +4 dagger
 p - a +0 vampiric dagger
 r - a +0 dagger of venom
 s - the +7 dagger of Nemelex Xobeh, Glowing {chaos, Str+3}
   (You found it on level 3 of the Dungeon)

   Str:       It affects your strength (+3).
 C - a +0 whip of holy wrath
 E - a +2 dagger of venom
 I - a +1 vampiric whip
 N - a +3 dagger
Missiles
 i - 7 poisoned darts (quivered)
 l - a silver boomerang
 q - 9 boomerangs
Armour
 a - a +0 robe (worn)
 g - a +0 pair of gloves (worn)
 x - a +0 kite shield
 B - a +0 cloak (worn)
Wands
 w - a wand of flame (10)
 D - a wand of digging (5)
Scrolls
 j - a scroll of identify
 m - 4 scrolls of teleportation
 t - a scroll of fear {unknown}
 v - 2 scrolls of magic mapping {unknown}
 y - a scroll of torment {unknown}
 A - a scroll of acquirement {unknown}
 F - 2 scrolls of immolation {unknown}
 G - a scroll of summoning {unknown}
 H - a scroll of amnesia {unknown}
 J - a scroll of brand weapon {unknown}
 L - a scroll of noise {unknown}
Potions
 b - a potion of ambrosia
 d - a potion of invisibility
 e - a potion of curing
 f - 2 potions of haste
 k - 3 potions of heal wounds {unknown}
 n - a potion of lignification {unknown}
 o - a potion of magic {unknown}
 u - a potion of might {unknown}
 z - a potion of berserk rage {unknown}
 K - a potion of degeneration {unknown}
 M - a potion of mutation {unknown}


   Skills:
 * Level 4.7 Fighting
 * Level 5.8 Dodging
 - Level 1.5 Stealth
 * Level 3.0 Shields
 * Level 8.0 Unarmed Combat
 * Level 3.2 Spellcasting


You knew the following spells:

 Your Spells              Type           Power      Damage    Failure   Level
a - Beastly Appendage     Tmut           24%        N/A       4%          1
c - Mephitic Cloud        Conj/Pois/Air  12%        N/A       16%         3
h - Hailstorm             Conj/Ice       12%        3d5       16%         3
m - Momentum Strike       Conj/Tloc      24%        3d8       8%          2
Your spell library was empty.

Dungeon Overview and Level Annotations

Branches:
Dungeon (7/15)             Temple (1/1) D:5

Altars:
Ashenzari
Elyvilon
Fedhas
Gozag
Makhleb
Okawaru
Qazlal
Trog
Uskayaw
The Shining One

Shops:
D:5 *   D:6 (

Annotations:
D:6 2 runed translucent doors, MrShunz's ghost, novice VSBr
D:7 Menkaure


Innate Abilities, Weirdness & Mutations

You have temporarily grown beastly horns.
You are flying.
You are immune to sickness and miasma.
You are immune to poison.
Your flesh is very heat resistant. (rF++)
You are vulnerable to cold. (rC-)
You float through the air rather than walking.
You learn spells naturally, not from books.
Your magical power is your life essence.
You have superior vitality. (+4 MHP)


Message History

You hit the sky beast. You headbutt the sky beast.
You kill the sky beast!
Your Shields skill increases to level 3!
Your Unarmed Combat skill increases to level 8!
Unknown command.
Items here: )) [[ †††.
N - a +3 dagger Your transformation is almost over.
The orc priest shouts!
The orc warrior completely misses you.
You closely miss the orc warrior.
The orc warrior hits you with a +0 short sword!
You hit the orc warrior but do no damage.
Your punch misses the orc warrior.
The orc warrior hits you with a +0 short sword.
Casting: Beastly Appendage (safe; 4% risk of failure)
Confirm with . or Enter, or press ? or * to list all spells.
You extend your transformation's duration.
The orc warrior hits you with a +0 short sword!
The orc priest hits you but does no damage.
You closely miss the orc warrior.
The orc priest hits you with a +0 falchion.
The orc warrior closely misses you.
You hit the orc warrior.
The orc warrior is lightly wounded.
The orc priest misses you. The orc warrior closely misses you.
You barely miss the orc warrior.
The orc warrior is lightly wounded.
The orc priest hits you with a +0 falchion.
The orc warrior closely misses you.
You hit the orc warrior.
The orc warrior is moderately wounded.
The orc warrior hits you with a +0 short sword!
* * * LOW HITPOINT WARNING * * *
The orc priest calls down the wrath of Beogh upon you.
Beogh smites you!
* * * LOW HITPOINT WARNING * * *
It was a potion of haste.
You feel yourself speed up.
The orc warrior hits you with a +0 short sword!
You die...

#.# #.##.......# #.#
#.#........#
#.#####.#........#
###.#.......#........######
o.o.#########..............
####...........##...........#.
..Y...>.!......#.......###.#.
..........o...#.........#.#.
..........@o.#........##.#.
#+#########.#####.#.#.##.#.
#.# #[# #.#.#.##.#. #######.#
#.### #.#.#.##.#. ........#
#...# #.#.#.##.#. #########
###.###.#.#.##.#. .#
#.......#.##.#. .#
#####.###.## #. .# #......# #.


You could see an orc warrior and an orc priest.

Vanquished Creatures
  A steam dragon (D:6)
  A water moccasin (D:6)
  3 sky beasts
  2 ogres (D:5)
  2 centaurs
  A kobold brigand (D:7)
  2 scorpions
  3 hounds
  3 orc priests (D:5)
  A gnoll bouda (D:6)
  3 iguanas
  11 gnolls
  5 adders
  A shadow imp (D:5)
  A white imp (D:5)
  4 ufetubi
  4 worms
  3 dart slugs
  27 orcs
  8 ball pythons
  6 endoplasms
  5 giant cockroaches
  12 hobgoblins
  4 jackals (D:2)
  4 quokkas
  4 bats
  6 frilled lizards
  6 goblins
  10 kobolds
  9 rats
152 creatures vanquished.

Vanquished Creatures (others)
  4 plants
4 creatures vanquished.

Grand Total: 156 creatures vanquished

Notes
Turn   | Place    | Note
-------+----------+-------------------------------------------
     0 | D:1      | Banquo the Djinni Monk began the quest for the Orb.
     0 | D:1      | Reached XP level 1. HP: 20/20 MP: 0/0
   102 | D:1      | Reached XP level 2. HP: 25/25 MP: 0/0
   495 | D:1      | Reached XP level 3. HP: 30/30 MP: 0/0
   495 | D:1      | Learned a level 1 spell: Beastly Appendage
  1730 | D:2      | Reached XP level 4. HP: 35/35 MP: 0/0
  2200 | D:3      | Found a faded altar of an unknown god.
  2336 | D:3      | Reached skill level 1 in Spellcasting
  2464 | D:3      | Reached skill level 4 in Unarmed Combat
  2497 | D:3      | Identified the +7 dagger of Nemelex Xobeh, Glowing {chaos,
                  | Str+3}
  2605 | D:3      | Reached XP level 5. HP: 39/40 MP: 0/0
  2605 | D:3      | Learned a level 2 spell: Momentum Strike
  3990 | D:5      | Entered Level 5 of the Dungeon
  4090 | D:5      | Reached XP level 6. HP: 34/47 MP: 0/0
  4198 | D:5      | Reached skill level 5 in Unarmed Combat
  4223 | D:5      | Noticed an ogre
  4251 | D:5      | Noticed an ogre
  4263 | D:5      | Found a staircase to the Ecumenical Temple.
  4274 | Temple   | Entered the Ecumenical Temple
  4471 | D:5      | Reached skill level 1 in Shields
  4624 | D:5      | Reached XP level 7. HP: 41/51 MP: 0/0
  4624 | D:5      | Learned a level 3 spell: Mephitic Cloud
  4670 | D:5      | Found Eevveic's Eclectic Emporium.
  5079 | D:5      | Reached skill level 6 in Unarmed Combat
  5383 | D:6      | Found Oczej's Antique Weapon Shoppe.
  5541 | D:7      | Reached XP level 8. HP: 31/58 MP: 0/0
  5649 | D:7      | Noticed Menkaure
  6004 | D:6      | Found a large runed translucent door.
  6004 | D:6      | Found a large runed translucent door.
  6005 | D:6      | Noticed MrShunz's ghost (novice VSBr)
  6151 | D:6      | Reached skill level 5 in Dodging
  6331 | D:6      | Reached skill level 7 in Unarmed Combat
  7080 | D:7      | Reached XP level 9. HP: 48/63 MP: 0/0
  7080 | D:7      | Learned a level 3 spell: Hailstorm
  7627 | D:7      | Reached skill level 8 in Unarmed Combat
  7642 | D:7      | Slain by an orc warrior

Illustrated notes

Levels and vault maps discovered:
D:1:      shiori_arrival_oz, layout_basic, fountainhead
D:2:      layout_loops_corners, kennysheep_another_room, serial_bayou_pond_c
D:3:      corexii_shack_village, layout_basic,
          hellmonk_ecumenical_altar_inner_sanctum
D:4:      layout_rooms
D:5:      layout_basic, minmay_temple_entry_statues_pillars, chequers_big_river,
          nicolae_alphabet_shops
D:6:      layout_gridville, serial_shops, nicolae_square_shop,
          ebering_ghost_disaster_area, bh_walls_and_bars
D:7:      layout_basic, uniq_menkaure
Temple:   hellmonk_temple_forest_ring

Skill      XL: |  1  2  3  4  5  6  7  8  9 |
---------------+----------------------------+-----
Spellcasting   | 1 2 3 |  3.2
Unarmed Combat | 4 5 6 7 8 |  8.0
Dodging        | 4 5 |  5.8
Shields        | 1 2 3 |  3.0
Fighting       | 4 |  4.7
Stealth        | |  1.5

Action                     |  1- 3 |  4- 6 |  7- 9 || total
---------------------------+-------+-------+-------++-------
  Melee: Unarmed           |   129 |   221 |   241 ||   591
         Punch             |     3 |     7 |    11 ||    21
         Headbutt          |     8 |    32 |    32 ||    72
   Cast: Beastly Appendage |    15 |    39 |    30 ||    84
    Use: Scroll            |       |       |     5 ||     5
         Potion            |       |       |     1 ||     1
   Stab: Sleeping          |     5 |     3 |     2 ||    10
 Armour: Robe              |    15 |    32 |    55 ||   102
  Dodge: Dodged            |    65 |   136 |   185 ||   386

Table legend: (Time is in decaauts)
 A = Elapsed time spent in this place.
 B = Non-inter-level travel time spent in this place.
 C = Inter-level travel time spent in this place.
 D = Time resting spent in this place.
 E = Time spent auto-exploring this place.
 F = Levels seen in this place.
 G = Mean time per level.
                   A        B        C        D        E       F      G
               +--------+--------+--------+--------+--------+-----+--------+
         Total |   7590 |   7021 |    569 |    949 |   3711 |   8 |  948.8 |
       Dungeon |   7453 |   6890 |    563 |    949 |   3591 |   7 | 1064.7 |
        Temple |    136 |    130 |      6 |      0 |    120 |   1 |  136.0 |
               +--------+--------+--------+--------+--------+-----+--------+

Top non-repeatable levels by time:
     D:6: 1261 daAuts
     D:3: 1259 daAuts
     D:5: 1139 daAuts
     D:2: 1072 daAuts
     D:7: 1029 daAuts
     D:1: 1015 daAuts
     D:4: 675 daAuts
  Temple: 136 daAuts
